 Dungeon Crawl Stone Soup version 0.27-a0-1066-g29160eaed2 (webtiles) character file.

Game seed: 6649827274067133894

2015 LordDeathwing the Cleaver (level 9, -9/78 HPs)
             Began as a Hill Orc Fighter on Apr 24, 2021.
             Mangled by an orc warrior
             ... wielding a +0 short sword
              (13 damage)
             ... on level 5 of the Dungeon.
             The game lasted 00:23:08 (6270 turns).

LordDeathwing the Cleaver (Hill Orc Fighter)        Turns: 6270, Time: 00:23:08

Health: -9/78      AC: 13    Str: 25    XL:     9   Next: 22%
Magic:  0/9        EV:  9    Int:  4    God:
Gold:   91         SH: 11    Dex: 13    Spells: 8/8 levels left

rFire    . . .     SeeInvis .   a - +1 war axe
rCold    . . .     Faith    .   c - +0 kite shield
rNeg     + . .     Spirit   +   y - +3 leather armour of Death's Door {rN+ Str+3 Int-4 Dex+3}
rPois    .         Reflect  .   f - +0 helmet
rElec    .         Harm     .   v - +0 cloak
rCorr    .         Rampage  .   (no gloves)
Will     .....                  (no boots)
Stlth    +.........             h - amulet of guardian spirit
HPRegen  0.23/turn              p - +4 ring of protection
MPRegen  0.11/turn              (no ring)

@: no status effects
A: no striking features
a: no special abilities


You were on level 5 of the Dungeon.
You visited 1 branch of the dungeon, and saw 6 of its levels.

You collected 201 gold pieces.
You spent 110 gold pieces at shops.

Inventory:

Hand Weapons
 a - a +1 war axe (weapon)
Missiles
 n - 5 javelins (quivered)
Armour
 b - a +0 scale mail
 c - a +0 kite shield (worn)
 f - a +0 helmet (worn)
 v - a +0 cloak (worn)
 y - the +3 leather armour of Death's Door (worn) {rN+ Str+3 Int-4 Dex+3}
   (You found it on level 4 of the Dungeon)

   It affects your strength (+3).
   It affects your intelligence (-4).
   It affects your dexterity (+3).
   It protects you from negative energy.
Jewellery
 h - an amulet of guardian spirit (around neck)
 p - a +4 ring of protection (left hand)
Wands
 l - a wand of digging (6)
 s - a wand of paralysis (8)
Scrolls
 e - 2 scrolls of teleportation
 i - a scroll of acquirement {unknown}
 j - a scroll of magic mapping
 o - a scroll of immolation {unknown}
 q - a scroll of blinking {unknown}
 t - 2 scrolls of noise {unknown}
 u - 2 scrolls of enchant weapon
 w - a scroll of brand weapon {unknown}
 x - a scroll of fog {unknown}
Potions
 d - 2 potions of might
 g - 3 potions of haste
 k - 2 potions of brilliance
 m - a potion of ambrosia
 r - a potion of invisibility


   Skills:
 + Level 6.8 Fighting
 * Level 9.4 Axes
 * Level 8.1 Armour
 + Level 6.1 Shields


You had 8 spell levels left.
You didn't know any spells.
Your spell library contained the following spells:

 Spells                   Type           Power      Damage    Failure   Level
 Beastly Appendage        Tmut           0%         N/A       90%         1
 Shock                    Conj/Air       0%         1d3       90%         1
 Static Discharge         Conj/Air       0%         N/A       97%         2
 Wereblood                Tmut           0%         N/A       97%         2
 Spider Form              Tmut/Pois      0%         N/A       99%         3
 Swiftness                Air            0%         N/A       99%         3
 Airstrike                Air            0%         N/A       100%        4
 Ice Form                 Ice/Tmut       0%         N/A       100%        4
 Bolt of Magma            Conj/Fire/Erth 0%         4d4       100%        5
 Hydra Form               Tmut           0%         N/A       100%        5
 Iskenderun's Battlesphe  Conj           0%         2d6       100%        5
 Lightning Bolt           Conj/Air       0%         1d11      100%        5
 Iron Shot                Conj/Erth      0%         9d1       100%        6
 Orb of Destruction       Conj           0%         N/A       100%        7
 Spellforged Servitor     Conj/Summ      0%         N/A       100%        7


Dungeon Overview and Level Annotations

Branches:
Dungeon (6/15)
 Temple: D:4-7

Altars:
Nemelex Xobeh
Uskayaw

Shops:
D:5 ?   D:6 *:=[?

Annotations:
D:6 Dowan, Duvessa


Message History

You block the water moccasin's attack.
You hit the water moccasin.
The water moccasin is severely wounded.
You feel extremely sick.
The water moccasin bites you but does no damage.
You block the water moccasin's attack.
You slash the water moccasin!
You kill the water moccasin!
You feel very sick.
You feel very sick.
You feel sick.
You feel sick.
There is a stone staircase leading up here.
You feel sick. You block the orc warrior's attack.
You climb upwards.
Reactivating autopickup.
You feel sick.
There is a stone staircase leading down here.
You slash the orc warrior!
The orc warrior is almost dead.
You feel sick.
The orc warrior hits you with a +0 short sword.
* * * LOW HITPOINT WARNING * * *
You block the orc warrior's attack.
You barely miss the orc warrior.
The orc warrior is almost dead.
You feel sick. You block the orc warrior's attack.
You hit the orc warrior but do no damage.
The orc warrior is almost dead.
You feel sick.
You are no longer poisoned.
You block the orc warrior's attack.
You closely miss the orc warrior.
The orc warrior is severely wounded.
The orc warrior hits you with a +0 short sword!
* * * LOW HITPOINT WARNING * * *
You hit the orc warrior but do no damage.
The orc warrior is severely wounded.
The orc warrior hits you with a +0 short sword!
You die...

#.# ##.#.# #. #.# #####
#.#.#############. #.#
##...###.#...............
##.######...<.##.###############.
................(#### #.
†#.#####............# #.
.#.#####.........##.# #.
.#...........<#..##.# #.
.....#####...##.@##.# #.
####.##########.o##.############.
#.............##.......)......
############.################.
#.#................
#.#.############### #.#.# #...#
#####


You could see an orc warrior.

Vanquished Creatures
  Grinder (D:3)
  A wyvern (D:5)
  Edmund (D:6)
  2 water moccasins
  A necrophage (D:4)
  A black bear (D:6)
  3 ogres
  2 bullfrogs
  3 scorpions
  A water moccasin zombie (D:5)
  A howler monkey (D:4)
  A hound (D:5)
  3 orc priests
  A jelly (D:5)
  2 centaur skeletons (D:6)
  3 iguanas (D:5)
  3 orc wizards
  Robin (D:3)
  5 adders
  A white imp (D:6)
  An adder skeleton (D:4)
  A worm (D:2)
  4 dart slugs
  15 orcs
  4 bats
  3 endoplasms
  2 giant cockroaches (D:1)
  17 goblins
  14 hobgoblins
  3 jackals (D:1)
  3 quokkas
  7 ball pythons
  A frilled lizard (D:2)
  13 kobolds
  4 rats
129 creatures vanquished.

Notes
Turn   | Place    | Note
-------+----------+-------------------------------------------
     0 | D:1      | LordDeathwing the Hill Orc Fighter began the quest for the
                  | Orb.
     0 | D:1      | Reached XP level 1. HP: 19/19 MP: 1/1
    77 | D:1      | Reached skill level 3 in Axes
   101 | D:1      | Found a faded altar of an unknown god.
   104 | D:1      | Reached XP level 2. HP: 23/27 MP: 2/2
   461 | D:1      | Reached XP level 3. HP: 31/33 MP: 3/3
  1286 | D:2      | Reached XP level 4. HP: 30/40 MP: 4/4
  1375 | D:2      | Reached skill level 4 in Axes
  1479 | D:2      | Noticed an ogre
  1625 | D:2      | Killed an ogre
  1626 | D:2      | Reached XP level 5. HP: 16/47 MP: 5/5
  2514 | D:3      | Noticed Robin
  2516 | D:3      | Noticed Grinder
  2544 | D:3      | Killed Robin
  2545 | D:3      | Reached skill level 5 in Axes
  2553 | D:3      | Killed Grinder
  2554 | D:3      | Reached skill level 5 in Armour
  2554 | D:3      | Reached XP level 6. HP: 32/55 MP: 6/6
  2883 | D:3      | Reached skill level 5 in Fighting
  2883 | D:3      | Reached skill level 6 in Axes
  2883 | D:3      | Reached XP level 7. HP: 52/61 MP: 7/7
  2960 | D:3      | Found a sparkling altar of Nemelex Xobeh.
  3527 | D:4      | Found a hide-covered altar of Uskayaw.
  3534 | D:4      | Reached skill level 7 in Axes
  3534 | D:4      | Reached skill level 5 in Shields
  3874 | D:4      | Identified the +3 leather armour of Death's Door {rN+ Str+3
                  | Int-4 Dex+3}
  3918 | D:4      | Reached XP level 8. HP: 44/69 MP: 8/8
  4241 | D:5      | Entered Level 5 of the Dungeon
  4490 | D:5      | Noticed a wyvern
  4500 | D:5      | Killed a wyvern
  4895 | D:5      | Found Aloc's Magic Scroll Shoppe.
  4904 | D:5      | Bought a scroll of identify for 22 gold pieces
  4904 | D:5      | Bought a scroll of identify for 22 gold pieces
  4904 | D:5      | Bought a scroll of identify for 22 gold pieces
  4904 | D:5      | Bought a scroll of identify for 22 gold pieces
  4904 | D:5      | Bought a scroll of identify for 22 gold pieces
  4935 | D:5      | Reached skill level 8 in Axes
  5635 | D:6      | Found Saweps's Antique Armour Boutique.
  5725 | D:6      | Found Wyapru's Book Shoppe.
  5791 | D:6      | Reached XP level 9. HP: 62/78 MP: 7/9
  5803 | D:6      | Reached skill level 9 in Axes
  6009 | D:6      | Found Irphialy's Magic Scroll Boutique.
  6042 | D:6      | Found Maci's Jewellery Emporium.
  6043 | D:6      | Noticed Edmund
  6054 | D:6      | Killed Edmund
  6133 | D:6      | Found Yrchat Dutoux's General Store.
  6134 | D:6      | Noticed Duvessa
  6201 | D:6      | Noticed Dowan
  6270 | D:5      | Mangled by an orc warrior

Illustrated notes

Levels and vault maps discovered:
D:1:      ebering_hopf_link, layout_basic,
          shapermc_ecumenical_altar_mp_highgroup
D:2:      layout_rooms
D:3:      layout_loops_cross, nemelex_diamond_rough_becter,
          kennysheep_generic_room_7, uniq_grinder, uniq_terence, uniq_robin
D:4:      layout_gridville, nicolae_uskayaw_murder_on_the_dancefloor
D:5:      layout_loops_ring, serial_shops, shop
D:6:      layout_basic, serial_shops, shop, shop_fountains, shop,
          shop_fountains, shop_statue, uniq_edmund, uniq_duvessa

Skill      XL: |  1  2  3  4  5  6  7  8  9 |
---------------+----------------------------+-----
Axes           | 3 4 5 6 7 8 9 |  9.4
Fighting       | 4 5 6 |  6.8
Armour         | 4 5 6 7 8 |  8.1
Shields        | 4 5 6 |  6.1

Action                   |  1- 3 |  4- 6 |  7- 9 || total
-------------------------+-------+-------+-------++-------
Melee: War axe           |    87 |   108 |   192 ||   387
Throw: Javelin           |       |       |    18 ||    18
  Use: Scroll            |       |       |    10 ||    10
 Stab: Sleeping          |       |       |     1 ||     1
Armor: Scale mail        |    44 |    82 |    34 ||   160
       Leather armour    |       |       |    55 ||    55
Dodge: Dodged            |    28 |    51 |    63 ||   142
Block: Kite shield       |    48 |   107 |   101 ||   256

Table legend: (Time is in decaauts)
 A = Elapsed time spent in this place.
 B = Non-inter-level travel time spent in this place.
 C = Inter-level travel time spent in this place.
 D = Time resting spent in this place.
 E = Time spent auto-exploring this place.
 F = Levels seen in this place.
 G = Mean time per level.
                   A        B        C        D        E       F      G
               +--------+--------+--------+--------+--------+-----+--------+
         Total |   6448 |   6296 |    152 |   1107 |   3741 |   6 | 1074.7 |
       Dungeon |   6448 |   6296 |    152 |   1107 |   3741 |   6 | 1074.7 |
               +--------+--------+--------+--------+--------+-----+--------+

Top non-repeatable levels by time:
     D:2: 1278 daAuts
     D:4: 1227 daAuts
     D:5: 1199 daAuts
     D:3: 1102 daAuts
     D:1: 1057 daAuts
     D:6: 582 daAuts
